 Dungeon Crawl Stone Soup version 0.31-a0-819-gf6de2f5ab6 (webtiles) character file.

Game seed: 1167970893468008999

100 Bravepunisher the Ducker (level 4, -7/25 HPs)
             Began as a Spriggan Monk on Sept 23, 2023.
             Mangled by a water moccasin (9 damage)
             ... on level 5 of the Dungeon.
             The game lasted 00:03:48 (787 turns).

Bravepunisher the Ducker (Spriggan Monk)             Turns: 787, Time: 00:03:49

Health: -7/25      AC:  2    Str:  7    XL:     4   Next: 47%
Magic:  5/5        EV: 20    Int: 11    God:
Gold:   56         SH:  0    Dex: 19    Spells: 3/3 levels left

rFire   . . .        a - +0 short sword
rCold   . . .        (no shield)
rNeg    . . .        b - +0 robe
rPois   .            (helmet restricted)
rElec   .            (no cloak)
rCorr   .            (gloves unavailable)
SInv    +            (boots unavailable)
Will    .....        (no amulet)
Stlth   ++           (no ring)
HPRegen 0.24/turn    (no ring)
MPRegen 0.09/turn

%: no passive effects
@: very quick
A: very small, no large weapons, unfitting armour, see invisible, speed 3
a: no special abilities


You were on level 5 of the Dungeon.
You visited 1 branch of the dungeon, and saw 7 of its levels.

You collected 56 gold pieces.

Inventory:

Hand Weapons
 a - a +0 short sword (weapon)
Armour
 b - a +0 robe (worn)
Jewellery
 g - a ring of positive energy
Scrolls
 e - 2 scrolls of identify {unknown}
 f - a scroll of enchant armour {unknown}
 h - a scroll of revelation {unknown}
 i - a scroll of fear {unknown}
 j - 2 scrolls of noise {unknown}
 m - a scroll of teleportation {unknown}
Potions
 c - a potion of ambrosia
 d - a potion of curing {unknown}
 k - a potion of haste {unknown}
 l - a potion of heal wounds {unknown}


   Skills:
 * Level 3.8 Fighting
 - Level 3.2 Short Blades
 + Level 5.2 Dodging


You had 3 spell levels left.
You didn't know any spells.
Your spell library contained the following spells:

 Spells                   Type           Power      Damage    Failure   Level
 Sting                    Tmut/Pois      0%         1d3       34%         1
 Poisonous Vapours        Pois/Air       0%         N/A       47%         2
 Olgreb's Toxic Radiance  Pois           0%         N/A       98%         4


Dungeon Overview and Level Annotations

Branches:
Dungeon (7/15)
 Temple: D:4-7

Altars:
Nemelex Xobeh
Trog

Shops:
D:4 (


Innate Abilities, Weirdness & Mutations

You are very small and have problems with some larger weapons.
You are too small for most types of armour.
You have supernaturally acute eyesight. (SInv)
You cover ground extremely quickly. (Speed+++)


Message History

Found a scroll labelled TAGHUN FIPNIGG.
m - a scroll labelled TAGHUN FIPNIGG You see here a +0 rapier.
A jelly is nearby!
You see here a +0 rapier.
A black bear comes into view.
Found a sparkling altar of Nemelex Xobeh.
The black bear growls angrily.
You hear a shout!
The black bear barely misses you. The black bear claws you.
The black bear misses you.
A centaur comes into view.
The centaur wields a +0 shortbow.
The centaur shoots an arrow.
The arrow barely misses you.
The centaur shoots an arrow.
The arrow hits you!
The centaur shoots an arrow.
The arrow hits you!
* * * LOW HITPOINT WARNING * * *
An adder comes into view.
Found a book of Burglary.
A water moccasin comes into view.
The water moccasin hisses angrily.
The adder hisses angrily.
You closely miss the water moccasin. The water moccasin closely misses you.
The centaur shouts!
You hit the water moccasin.
The water moccasin is lightly wounded.
The water moccasin closely misses you.
You barely miss the water moccasin.
The water moccasin is lightly wounded.
The water moccasin bites you.
* * * LOW HITPOINT WARNING * * *
You hit the water moccasin.
The water moccasin is moderately wounded.
The water moccasin misses you.
You closely miss the water moccasin.
The water moccasin is moderately wounded.
The water moccasin closely misses you. The water moccasin misses you.
You hit the water moccasin.
The water moccasin is heavily wounded.
The water moccasin bites you!
You die...

##### ####...##
#....⌠.⌠##
#.##.._..#
#@###⌠.⌠.#######
#S##S..........#
#S##.##.#.#.##.#
#c##.##.#.#.##.###
#.......#.#.......
##.....##.####.###
#.....##c####.#
#.....##......##
#.....####.....#


You could see a water moccasin, a centaur and an adder.

Vanquished Creatures
  A bullfrog (D:6)
  A hound (D:4)
  3 goblins
  3 jackals (D:2)
  A rat (D:1)
9 creatures vanquished.

Notes
Turn   | Place    | Note
-------+----------+-------------------------------------------
     0 | D:1      | Bravepunisher the Spriggan Monk began the quest for the
                  | Orb.
     0 | D:1      | Reached XP level 1. HP: 11/11 MP: 2/2
   202 | D:4      | Found Lifityni's Weapon Boutique.
   225 | D:5      | Entered Level 5 of the Dungeon
   237 | D:5      | Noticed a jelly
   237 | D:5      | Noticed a scorpion
   255 | D:4      | Noticed a hound
   335 | D:4      | Killed a hound
   336 | D:4      | Reached XP level 2. HP: 13/16 MP: 3/3
   336 | D:4      | Reached XP level 3. HP: 16/20 MP: 4/4
   612 | D:6      | Noticed a bullfrog
   616 | D:6      | Found a bloodstained altar of Trog.
   627 | D:6      | Killed a bullfrog
   628 | D:6      | Reached skill level 5 in Dodging
   628 | D:6      | Reached XP level 4. HP: 17/25 MP: 5/5
   749 | D:5      | Found a sparkling altar of Nemelex Xobeh.
   749 | D:5      | Noticed a black bear
   754 | D:5      | Noticed a centaur
   771 | D:5      | Noticed a water moccasin
   784 | D:5      | HP: 1/25 [water moccasin (3)]
   787 | D:5      | Mangled by a water moccasin

Illustrated notes

Levels and vault maps discovered:
D:1:      dpeg_arrival_prison, layout_basic, minmay_small_reverse_x
D:2:      layout_basic
D:3:      layout_rooms, portal_sewer_entry_b, minmay_strange_pillars,
          kennysheep_cluttered_room, kennysheep_nub, minmay_box_of_dots,
          uniq_grinder
D:4:      layout_cave_pools, serial_shops, shop
D:5:      layout_loops_cross, nemelex_xobeh_ov_fountains_minmay,
          nzn_wu_jian_contemplation, mainiacjoe_overflow_alcove_1, zin_angel
D:6:      layout_loops_ring, lightli_temple_of_fire,
          ebering_ghost_reflecting_pool, minivault_27, uniq_maggie
D:7:      layout_layer_cave, minmay_temple_entry_offerings

Skill      XL: |  1  2  3 |
---------------+----------+-----
Fighting       | 3 |  3.8
Dodging        | 5 |  5.2
Short Blades   | |  3.2

Action                     |  1- 3 |  4- 6 || total
---------------------------+-------+-------++-------
  Melee: Short sword       |    49 |     6 ||    55
         Punch             |     1 |       ||     1
 Armour: Robe              |     8 |     5 ||    13
  Dodge: Dodged            |    48 |     8 ||    56

Table legend: (Time is in decaauts)
 A = Elapsed time spent in this place.
 B = Non-inter-level travel time spent in this place.
 C = Inter-level travel time spent in this place.
 D = Time resting spent in this place.
 E = Time spent auto-exploring this place.
 F = Levels seen in this place.
 G = Mean time per level.
                   A        B        C        D        E       F      G
               +--------+--------+--------+--------+--------+-----+--------+
         Total |    529 |    502 |     27 |     32 |    139 |   7 |   75.6 |
       Dungeon |    529 |    502 |     27 |     32 |    139 |   7 |   75.6 |
               +--------+--------+--------+--------+--------+-----+--------+

Top non-repeatable levels by time:
     D:4: 241 daAuts
     D:5: 98 daAuts
     D:2: 66 daAuts
     D:6: 65 daAuts
     D:1: 52 daAuts
     D:3: 4 daAuts
     D:7: 1 daAuts
